 Dungeon Crawl Stone Soup version 0.14-a0-1192-g192f278 (webtiles) character file.

634 4tharraofdagon the Skirmisher (level 6, -8/51 HPs)
             Began as a Centaur Abyssal Knight on Dec 1, 2013.
             Was a Believer of Lugonu.
             Shot with an arrow by a centaur (9 damage)
             ... on Level 9 of the Dungeon.
             The game lasted 00:12:29 (2120 turns).

4tharraofdagon the Skirmisher (CeAK)                Turns: 2120, Time: 00:12:30

HP  -8/51        AC  9     Str 17      XL: 6   Next: 88%
MP   7/7         EV  4     Int 11      God: Lugonu [**....]
Gold 150         SH  0     Dex  6      Spells:  0 memorised,  5 levels left

rFire  . . .     SeeInvis .     D - +9,+10 spear of the Shallot {venom, rC+}
rCold  + . .     Clarity  .     x - +0 chain mail
rNeg   . . .     Conserve .     (no shield)
rPois  .         rCorr    .     t - +0 horned helmet
rElec  .         rRot     .     (no cloak)
SustAb . .       Spirit   .     (no gloves)
rMut   .         Warding  .     (no barding)
Saprov . . .     Stasis   .     (no amulet)
                                (no ring)
                                (no ring)

@: very quick, slightly resistant to hostile enchantments, extremely unstealthy
A: hooves 3, clumsy 1, deformed body, herbivore 1, speed 2, fast metabolism 1,
low mp 1, tough skin 3
a: Depart the Abyss, Bend Space, Renounce Religion


You were on level 9 of the Dungeon.
You worshipped Lugonu.
Lugonu was pleased with you.
You were hungry.

You visited 1 branch of the dungeon, and saw 9 of its levels.
You visited the Abyss 1 time.

You collected 150 gold pieces.

Inventory:

Hand weapons
 a - a +2,+2 spear
 o - a +2,+2 whip of venom
 s - a +0,+1 trident of protection
 D - the +9,+10 spear of the Shallot (weapon) {venom, rC+}
   (You found it on level 8 of the Dungeon)

   It poisons the flesh of those it strikes.
   It protects you from cold.
Missiles
 r - 9 darts of frost (quivered)
 A - 8 needles of slowing
Armour
 b - a +0 leather armour
 i - a +0 ring mail
 j - a +0 plate armour
 m - a +0 dwarven chain mail
 q - a +0 scale mail
 t - a +0 horned helmet (worn)
 x - a +0 chain mail (worn)
Magical devices
 p - a wand of flame (0)
 w - a wand of polymorph (7)
Comestibles
 c - 5 bread rations
 d - a meat ration
 f - 3 pears
 G - a choko
Scrolls
 g - 2 scrolls of fog
 n - a scroll of random uselessness
 v - a scroll of curse armour
 y - a scroll of immolation
 B - 2 scrolls of remove curse
 C - a scroll of enchant weapon I {unknown}
Jewellery
 z - an uncursed amulet of stasis {unknown}
Potions
 e - a potion of degeneration
 h - a potion of poison {unknown}
 k - a potion of agility
 l - 7 potions of curing
 u - 2 potions of confusion
 E - a potion of paralysis
 F - a potion of restore abilities


   Skills:
 + Level 4.5 Fighting
 * Level 4.5 Polearms
 + Level 2.7 Armour
 - Level 0.6 Dodging
 + Level 3.6 Invocations


You had 5 spell levels left.
You didn't know any spells.

Dungeon Overview and Level Annotations

Branches:
Dungeon (9/16)             Temple (0/1) D:4
    Orc: D:9-12        Lair: D:8-11

Altars:

Portals:
Ziggurat: D:5 (5010 gp)

Annotations:
D:8 Erolcha


Innate Abilities, Weirdness & Mutations

You have hooves in place of feet.
Armour fits poorly on your strangely shaped body.
You digest meat inefficiently.
You cover ground very quickly.
You have a fast metabolism.
You have extremely tough skin (AC +3).
You are clumsy. (Dex -2)
Your magical capacity is low (-10% MP).


Message History

A hound and a centaur come into view.
The centaur shouts!
The hound barks!
The hound bites you but does no damage.
The centaur wields a bow.
The centaur shoots an arrow.
The arrow hits you!
* * * LOW HITPOINT WARNING * * *
The hound barely misses you.
The centaur shoots an arrow.
The arrow hits you!
* * * LOW HITPOINT WARNING * * *
2 kobolds come into view.
There is a stone staircase leading up here.
Unknown command.
The kobold shouts!
The hound bites you but does no damage.
The centaur shoots an arrow.
The arrow hits you!
* * * LOW HITPOINT WARNING * * *
The kobold throws a dart of dispersal.
The dart of dispersal hits you!
* * * LOW HITPOINT WARNING * * *
The hound bites you.
* * * LOW HITPOINT WARNING * * *
The centaur shoots an arrow.
The arrow hits you!
You die...

#.# ... .. #
#####.###
###.#.......#
..........#.#
#.........####
#@........
#..h..######
#####....
....c. ..K..
.K.. .. .


You could see a centaur, a hound and 2 kobolds.

Vanquished Creatures
  2 ogres (D:8)
  A giant frog (D:8)
  A giant frog zombie (D:5)
  An orc priest (D:3)
  A hound (D:5)
  2 orc wizards
  A worker ant (D:5)
  3 adders
  An inept item mimic (D:5)
  2 giant geckos
  12 orcs
  A ball python (D:3)
  3 bats
  4 goblins
  4 hobgoblins
  A quokka (D:3)
  2 giant newts (D:3)
  A gnoll skeleton (D:5)
  A goblin skeleton (D:5)
  A hobgoblin skeleton (D:5)
  5 kobolds
  5 rats
55 creatures vanquished.

Notes
Turn   | Place    | Note
--------------------------------------------------------------
     0 | Abyss:1  | 4tharraofdagon, the Centaur Abyssal Knight, began the quest for the Orb.
     0 | Abyss:1  | Reached XP level 1. HP: 17/17 MP: 1/1
    26 | Abyss:1  | Noticed a large abomination
    86 | Abyss:1  | Noticed an ancient zyme
   122 | Abyss:1  | Noticed a smoke demon
   125 | Abyss:1  | Noticed a neqoxec
   137 | Abyss:1  | Noticed a large abomination
   154 | Abyss:1  | Noticed a brain worm
   168 | Abyss:1  | Noticed a harpy
   191 | Abyss:1  | Noticed a small abomination
   203 | Abyss:1  | Noticed a starcursed mass
   204 | D:1      | Escaped the Abyss
   378 | D:4      | Noticed a worker ant
   381 | D:4      | Noticed an orc wizard
   398 | D:5      | Entered Level 5 of the Dungeon
   423 | D:3      | Acquired Lugonu's first power
   460 | D:3      | Noticed an orc priest
   632 | D:2      | Reached XP level 2. HP: 22/24 MP: 2/2
   894 | D:3      | Reached XP level 3. HP: 30/30 MP: 4/4
   908 | D:3      | Killed an orc priest
   930 | D:3      | Noticed an orc wizard
   953 | D:3      | Reached XP level 4. HP: 27/37 MP: 4/4
   957 | D:3      | Killed an orc wizard
   969 | D:3      | Noticed an orc priest
  1076 | D:4      | Found a staircase to the Ecumenical Temple.
  1093 | D:3      | Acquired Lugonu's second power
  1388 | D:4      | Noticed a worker ant
  1438 | D:5      | Gained mutation: You are clumsy. (Dex -2) [potion of mutation]
  1438 | D:5      | Gained mutation: Your magical capacity is low (-10% MP). [potion of mutation]
  1488 | D:5      | Noticed a giant frog zombie
  1498 | D:5      | Killed a giant frog zombie
  1498 | D:5      | Reached XP level 5. HP: 40/44 MP: 5/5
  1544 | D:5      | Noticed a worker ant
  1563 | D:5      | Noticed an angel
  1564 | D:5      | Found a gateway to a ziggurat.
  1585 | D:5      | Killed a worker ant
  1634 | D:5      | Noticed a hound
  1642 | D:5      | Killed a hound
  1642 | D:5      | Reached skill level 4 in Fighting
  1814 | D:7      | Noticed an orc warrior
  1925 | D:8      | Got an ichor-stained spear
  1926 | D:8      | Identified the +9,+10 spear of the Shallot {venom, rC+} (You found it on level 8 of the Dungeon)
  1926 | D:8      | Identified the +9,+10 spear of the Shallot {venom, rC+} (You found it on level 8 of the Dungeon)
  2013 | D:8      | Noticed an ogre
  2033 | D:8      | Killed an ogre
  2033 | D:8      | Reached XP level 6. HP: 28/51 MP: 7/7
  2052 | D:8      | Noticed an ogre
  2068 | D:8      | Killed an ogre
  2097 | D:8      | Noticed Erolcha
  2119 | D:9      | Noticed a centaur
  2120 | D:9      | HP: 2/51 [centaur/arrow (13)]
  2120 | D:9      | Shot with an arrow by a centaur

Action                   |  1- 3 |  4- 6 || total
-------------------------+-------+-------++-------
Melee: Spear             |    71 |   101 ||   172
       Trident           |       |     6 ||     6
Throw: Dart              |     3 |       ||     3
Invok: Depart the Abyss  |     1 |       ||     1
Evoke: Wand              |    10 |     5 ||    15
  Use: Potion            |     1 |     3 ||     4
       Scroll            |     1 |     7 ||     8
